 Dungeon Sprint DCSS version 0.18-a0-1060-g4fac74f (webtiles) character file.

4 esc the Firebug (level 1, -2/12 HPs)
             Began as a Deep Elf Fire Elementalist on Jan 12, 2016.
             Slain by a hobgoblin
             ... wielding a +0 club
              (4 damage)
             ... in the Dungeon (Sprint IX: "|||||||||||||||||||||||||||||").
             The game lasted 00:00:39 (25 turns).

esc the Firebug (Deep Elf Fire Elementalist)          Turns: 25, Time: 00:00:39

Health: -2/12      AC:  2    Str:  5    XL:     1   Next: 50%
Magic:  0/6        EV: 13    Int: 19    God:
Gold:   0          SH:  0    Dex: 15    Spells: 1 memorised, 5 levels left

rFire  . . .     SeeInvis .     (no weapon)
rCold  . . .     Gourm    .     a - +0 robe
rNeg   . . .     Faith    .     (no shield)
rPois  .         Spirit   .     (no helmet)
rElec  .         Dismiss  .     (no cloak)
rCorr  .         Reflect  .     (no gloves)
SustAt .         Harm     .     (no boots)
MR     .....     NoTele   +     (no amulet)
Stlth  ++........               (no ring)
                                (no ring)

@: very slightly contaminated, not resistant to hostile enchantments, unstealthy
A: no striking features
a: no special abilities


You were in the Dungeon.
You were not hungry.

You visited 1 branch

Inventory:

Armour
 a - a +0 robe (worn)
Scrolls
 i - a scroll of blinking {!r}
Potions
 d - a potion of curing
 e - a potion of heal wounds
 f - a potion of haste
 g - 2 potions of magic
 h - a potion of berserk rage {!q}
Books
 b - a book of Flames
Comestibles
 c - a bread ration {@e1}


   Skills:
 + Level 1.0 Fighting
 + Level 2.8 Dodging
 - Level 2.4 Stealth
 + Level 3.4 Spellcasting
 + Level 1.7 Conjurations
 + Level 3.6 Fire Magic


You had 5 spell levels left.
You knew the following spells:

 Your Spells              Type           Power        Failure   Level  Hunger
a - Flame Tongue          Conj/Fire      ##...        6%          1    None


Dungeon Overview and Level Annotations

Branches:
Dungeon (1/1)

Altars:


Message History

Welcome, esc the Deep Elf Fire Elementalist.
Found a staircase leading out of the dungeon.
You open the door. 2 bats, 2 hobgoblins and a kobold come into view.
There are monsters nearby!
Aim: a hobgoblin, wielding a club (resting)
The flame tongue hits the hobgoblin.
The hobgoblin shouts!
The kobold shouts!
The hobgoblin shouts!
You now have 5/6 mp.
Aim: a hobgoblin, wielding a club (moderately wounded)
The flame tongue hits the hobgoblin.
The hobgoblin closely misses you.
You now have 4/6 mp.
Aim: a hobgoblin, wielding a club (heavily wounded)
The flame tongue hits the hobgoblin.
The hobgoblin appears unharmed.
You now have 3/6 mp.
Aim: a hobgoblin, wielding a club (heavily wounded)
The flame tongue misses the hobgoblin.
The hobgoblin barely misses you.
You now have 2/6 mp.
Aim: a hobgoblin, wielding a club (heavily wounded)
The flame tongue hits the hobgoblin.
The hobgoblin barely misses you.
You now have 1/6 mp.
You hit the hobgoblin.
You kill the hobgoblin!
The bat hits you.
You take 1 damage, and have 9/11 hp.
You hit the bat but do no damage. The bat closely misses you.
The bat hits you but does no damage.
You hit the bat but do no damage. The bat closely misses you.
The bat hits you but does no damage.
You barely miss the bat. The bat hits you but does no damage.
The bat closely misses you.
You hit the bat. The bat hits you. The bat barely misses you.
You take 1 damage, and have 8/11 hp.
You barely miss the bat. The bat hits you. x2
You take 2 damage, and have 6/11 hp.
You miss the bat. The bat hits you. The bat closely misses you.
You take 1 damage, and have 5/11 hp.
You miss the bat. The bat closely misses you. The bat hits you.
You take 1 damage, and have 4/11 hp.
You hit the bat.
You kill the bat!
The kobold closely misses you.
Aim: a kobold You miscast Flame Tongue.
You are very lightly contaminated with residual magic.
The air around you crackles with energy!
The kobold misses you.
You now have 1/6 mp.
Aim: a kobold The flame tongue hits the kobold.
You kill the kobold!
Your Fighting skill increases to level 1!
You now have 0/6 mp.
You barely miss the hobgoblin. The hobgoblin barely misses you.
Drink which item? (? for menu, Esc to quit)
Okay, then.
There is a staircase leading out of the dungeon here.
Aim: a hobgoblin, wielding a club The flame tongue misses the hobgoblin.
The hobgoblin hits you with a club.
* * * LOW HITPOINT WARNING * * *
You take 2 damage, and have 2/12 hp.
You now have 0/6 mp.
You hit the hobgoblin but do no damage. The hobgoblin hits you with a club.
You die...

▓▓▓
▓@▓
▓g▓
▓b▓
▓.▓
▓)▓
▓.▓
▓.▓
▓.▓
▓.▓


You could see a hobgoblin and a bat.

Vanquished Creatures
  A bat (D)
  A hobgoblin (D)
  A kobold (D)
3 creatures vanquished.

Notes
Turn   | Place    | Note
--------------------------------------------------------------
     0 | D        | esc the Deep Elf Fire Elementalist began the quest for the Orb.
     0 | D        | Reached XP level 1. HP: 10/10 MP: 6/6
    13 | D        | Banished a spatial maelstrom
    19 | D        | Reached skill level 1 in Fighting
    24 | D        | HP: 2/12 [hobgoblin/club (2)]
    25 | D        | Slain by a hobgoblin

Vault maps used:
D:        linesprint

Action                   || total
-------------------------++-------
Melee: Unarmed           ||    11
 Cast: Flame Tongue      ||     7

Vault maps used:
D:        linesprint

Table legend:
 A = Turns spent in this place as a percentage of turns spent in the entire game.
 B = Non-inter-level travel turns spent in this place as a percentage of non-inter-level travel turns spent in the entire game.
 C = Inter-level travel turns spent in this place as a percentage of turns spent in this place.
 D = Turns resting spent in this place as a percentage of non-inter-level travel turns spent in this place.
 E = Turns spent auto-exploring this place as a percentage of non-inter-level travel turns spent in this place.
 F = Non-inter-level travel turns spent in this place divided by the number of levels of this place that you've seen.
                   A       B       C       D       E      F
               +-------+-------+-------+-------+-------+----------------------
         Total | 100.0 | 100.0 |   0.0 |   0.0 |   0.0 |  28.0
       Dungeon | 100.0 | 100.0 |   0.0 |   0.0 |   0.0 |  28.0
               +-------+-------+-------+-------+-------+----------------------

Table legend:
 A = Kills in this place as a percentage of kills in entire the game.
 B = Kills by you in this place as a percentage of kills by you in the entire game.
 C = Kills by friends in this place as a percentage of kills by friends in the entire game.
 D = Other kills in this place as a percentage of other kills in the entire game.
 E = Experience gained in this place as a percentage of experience gained in the entire game.
 F = Experience gained in this place divided by the number of levels of this place that you have seen.
                   A       B       C       D       E      F
               +-------+-------+-------+-------+-------+----------------------
         Total | 100.0 | 100.0 |  -nan |  -nan | 100.0 |   6.0
       Dungeon | 100.0 | 100.0 |  -nan |  -nan | 100.0 |   6.0
               +-------+-------+-------+-------+-------+----------------------
